 Dungeon Crawl Stone Soup version 0.31-a0-845-g9abc20d24f (webtiles) character file.

Game seed: 9595634706833563494

613 Maxmaps the Ducker (level 7, -7/72 HPs)
             Began as an Octopode Shapeshifter on Oct 2, 2023.
             Was an Initiate of Gozag.
             Mangled by an ogre
             ... wielding a +0 giant spiked club
              (20 damage)
             ... on level 5 of the Dungeon.
             The game lasted 00:03:42 (2981 turns).

Maxmaps the Ducker (Octopode Shapeshifter)          Turns: 2981, Time: 00:03:43

Health: -7/72      AC: 23    Str: 13    XL:     7   Next: 44%
Magic:  7/7        EV:  2    Int: 12    God:    Gozag
Gold:   239        SH:  0    Dex: 14    Spells: 6/6 levels left

rFire   . .          .
                       - Unarmed
rCold   . . .        (no shield)
rNeg    . . .        (helmet currently unavailable)
rPois   +            (no amulet)
rElec   .            g - ring of poison resistance
rCorr   .            p - ring of wizardry
SInv    .            (no ring)
Will    .....        (no ring)
Stlth   +            (no ring)
HPRegen 0.32/turn    (no ring)
MPRegen 0.10/turn    (no ring)
                     (no ring)

%: wizardry (x1)
@: tree-form, gold aura
A: stationary, stasis, torment immunity, boosted hp, almost no armour,
(amphibious), 8 rings, (camouflage 1), (gelatinous body 1), (nimble swimmer 1),
(tentacles)
a: Renounce Religion, Potion Petition, Call Merchant, Bribe Branch


You were on level 5 of the Dungeon.
You worshipped Gozag.
Gozag was aware of your devotion.
You were a tree.
You visited 1 branch of the dungeon, and saw 5 of its levels.

You collected 303 gold pieces.
You paid 64 gold pieces to Gozag.

Inventory:

Missiles
 w - a throwing net
Armour
 h - an orb of light
Jewellery
 g - a ring of poison resistance (left branch)
 p - a ring of wizardry (right branch)
Talismans
 b - a beast talisman
 c - a flux talisman
Wands
 m - a wand of flame (50)
Scrolls
 f - 2 scrolls of blinking {unknown}
 i - 2 scrolls of teleportation {unknown}
 j - a scroll of fog {unknown}
 k - a scroll of brand weapon {unknown}
 l - a scroll of vulnerability {unknown}
 n - 4 scrolls of identify {unknown}
 q - 2 scrolls of revelation {unknown}
 t - a scroll of noise {unknown}
 u - a scroll of amnesia {unknown}
 v - a scroll of enchant armour {unknown}
Potions
 a - a potion of lignification
 d - 4 potions of curing
 e - 2 potions of brilliance {unknown}
 o - a potion of heal wounds {unknown}
 r - 2 potions of berserk rage {unknown}
 s - a potion of ambrosia {unknown}


   Skills:
 - Level 4.1 Fighting
 - Level 5.2 Dodging
 + Level 4.4 Unarmed Combat
 - Level 4.0 Shapeshifting


You had 6 spell levels left.
You didn't know any spells.
Your spell library contained the following spells:

 Spells                   Type           Power      Damage    Failure   Level
 Ensorcelled Hibernation  Hex/Ice        0%         N/A       21%         2
 Passwall                 Tmut/Erth      0%         N/A       21%         2
 Swiftness                Air            0%         N/A       36%         3


Dungeon Overview and Level Annotations

Branches:
Dungeon (5/15)
 Temple: D:4-7

Altars:
Gozag
Qazlal
Sif Muna
Trog
Wu Jian


Innate Abilities, Weirdness & Mutations

You are a tree.
Your roots penetrate the ground, keeping you stationary.
You cannot be teleported.
You are immune to unholy pain and torment.
Your maximum health is greatly increased.
You cannot wear most types of armour.
((You are amphibious.))
You can wear up to eight rings at the same time.
((Your skin changes colour to match your surroundings (Stealth+).))
((Your rubbery body absorbs attacks. (AC +1, EV +1)))
((You are camouflaged when in or above water. (Stealth+)))
((You have tentacles for arms and can constrict up to eight enemies at once.))


Message History

The orc shouts!
You hear a shout!
An adder comes into view.
An ogre comes into view. It is wielding a +0 giant spiked club.
The adder moves out of view.
There are monsters nearby!
There are monsters nearby!
Found a robe.
The adder hisses angrily.
Okay, then.
Your transformation has ended.
You turn into a tree.
Your roots penetrate the ground.
You cannot move.
Unknown command.
You swing at nothing.
You swing at nothing.
The adder bites you but does no damage.
You closely miss the adder. The adder bites you but does no damage.
The orc hits you but does no damage.
You are electrocuted!!
You barely miss the adder. Your punch misses the adder.
The adder bites you but does no damage. The orc hits you but does no damage.
You smack the adder!
You kill the adder!
You smack the orc!
You kill the orc!
You hit the ogre but do no damage. The ogre hits you but does no damage.
You hit the ogre.
The ogre is lightly wounded.
The ogre hits you with a +0 giant spiked club!!
You smack the ogre!
The ogre is moderately wounded.
You hit the ogre.
The ogre is moderately wounded.
The ogre hits you with a +0 giant spiked club!!
* * * LOW HITPOINT WARNING * * *
You smack the ogre!
The ogre is almost dead.
You closely miss the ogre.
The ogre is almost dead.
The ogre hits you with a +0 giant spiked club!!
You die...
Your body crumbles into a pile of gold.

#...#
#..[..#...#
#.$⌠(.#...#
#..$..#...#
#..)..#(..#
#.....#...#
#...##...#
#.$O#....#
#..♣#...##
##...[..#
#......#
####..⌠#
#####


You could see an ogre.

Vanquished Creatures
  A water moccasin (D:5)
  An ice beast (D:4)
  A kobold brigand (D:4)
  A scorpion (D:4)
  A jelly (D:4)
  Terence (D:3)
  Jessica (D:2)
  Ijyb (D:3)
  An iguana (D:5)
  Robin (D:3)
  2 adders
  3 gnolls (D:5)
  A white imp (D:5)
  A dart slug (D:1)
  2 orcs
  4 bats
  8 endoplasms
  5 giant cockroaches
  12 goblins
  7 hobgoblins
  7 jackals
  6 kobolds
  5 quokkas
  2 ball pythons
  2 frilled lizards
  6 rats
83 creatures vanquished.

Notes
Turn   | Place    | Note
-------+----------+-------------------------------------------
     0 | D:1      | Maxmaps the Octopode Shapeshifter began the quest for the
                  | Orb.
     0 | D:1      | Reached XP level 1. HP: 13/13 MP: 1/1
    71 | D:1      | Reached XP level 2. HP: 13/19 MP: 2/2
   372 | D:1      | Reached XP level 3. HP: 25/25 MP: 3/3
   790 | D:2      | Noticed Jessica
   793 | D:2      | Killed Jessica
   794 | D:2      | Reached XP level 4. HP: 31/33 MP: 4/4
  1373 | D:3      | Noticed Robin
  1403 | D:3      | Killed Robin
  1617 | D:3      | Noticed Terence
  1625 | D:3      | Killed Terence
  1626 | D:3      | Reached XP level 5. HP: 29/37 MP: 5/5
  1655 | D:3      | Noticed Ijyb
  1666 | D:3      | Killed Ijyb
  1959 | D:4      | Noticed an ice beast
  1972 | D:4      | Killed an ice beast
  1973 | D:4      | Reached skill level 3 in Dodging
  1973 | D:4      | Reached XP level 6. HP: 33/43 MP: 6/6
  2072 | D:4      | Found an opulent altar of Gozag.
  2116 | D:4      | Became a worshipper of Gozag Ym Sagoz the Greedy
  2151 | D:4      | Reached skill level 4 in Dodging
  2231 | D:4      | Found a shimmering blue altar of Sif Muna.
  2234 | D:4      | Found a bloodstained altar of Trog.
  2237 | D:4      | Found a stormy altar of Qazlal.
  2278 | D:4      | Found an ornate altar of the Wu Jian Council.
  2507 | D:4      | Reached skill level 5 in Dodging
  2507 | D:4      | Reached XP level 7. HP: 32/48 MP: 7/7
  2747 | D:5      | Entered Level 5 of the Dungeon
  2981 | D:5      | Mangled by an ogre

Illustrated notes

Levels and vault maps discovered:
D:1:      matt_arrival_grand_opening, layout_loops_ring
D:2:      layout_rooms, uniq_jessica
D:3:      layout_basic, serial_corexii_hall, chequers_hall_statues_corner_a,
          corexii_hall_statues_i, corexii_hall_statues_deadend, uniq_terence,
          uniq_ijyb, uniq_robin
D:4:      layout_basic, grunt_temple_overflow_cloverleaf,
          grunt_gozag_breadcrumbs
D:5:      kennysheep_spiral_hall, layout_basic, mainiacjoe_overflow_alcove_1,
          kennysheep_donut

Skill      XL: |  1  2  3  4  5  6  7 |
---------------+----------------------+-----
Fighting       | 2 3 4 |  4.1
Unarmed Combat | 4 |  4.4
Dodging        | 3 5 |  5.2
Shapeshifting  | 4 |  4.0

Action                     |  1- 3 |  4- 6 |  7- 9 || total
---------------------------+-------+-------+-------++-------
  Melee: Unarmed           |    52 |    99 |    29 ||   180
         Constrict         |    11 |    23 |     6 ||    40
         Tentacles         |    10 |    19 |     7 ||    36
         Punch             |     1 |     1 |     3 ||     5
    Use: Potion            |       |     2 |     1 ||     3
   Stab: Sleeping          |     5 |     3 |     1 ||     9
 Armour: Skin              |    14 |    42 |    19 ||    75
  Dodge: Dodged            |    21 |    55 |     9 ||    85

Table legend: (Time is in decaauts)
 A = Elapsed time spent in this place.
 B = Non-inter-level travel time spent in this place.
 C = Inter-level travel time spent in this place.
 D = Time resting spent in this place.
 E = Time spent auto-exploring this place.
 F = Levels seen in this place.
 G = Mean time per level.
                   A        B        C        D        E       F      G
               +--------+--------+--------+--------+--------+-----+--------+
         Total |   2968 |   2846 |    122 |    188 |   2200 |   5 |  593.6 |
       Dungeon |   2968 |   2846 |    122 |    188 |   2200 |   5 |  593.6 |
               +--------+--------+--------+--------+--------+-----+--------+

Top non-repeatable levels by time:
     D:4: 791 daAuts
     D:1: 786 daAuts
     D:3: 741 daAuts
     D:2: 418 daAuts
     D:5: 230 daAuts
